IL
SCRANTON WB RAILRIDERS @ CHARLOTTE KNIGHTS
05/01/2099
 
TOP OF THE 1ST
Scranton WB RailRiders batting - Pitching for Charlotte Knights : RHP Danny Guada
Pitching: RHP Danny Guada
Batting: RHB Jared Brown 0-0: Called Strike
0-1: SOLO HOME RUN (Flyball, 9LD, EV 93.1 MPH), Distance : 350 ft
Batting: RHB Matt Null 0-0: Called Strike
0-1: Ball
1-1: Foul Ball, location: 9LSF
1-2: Ground out U3 (Groundball, 34, EV 102.5 MPH)
Batting: LHB John Merryman 0-0: Called Strike
0-1: Swinging Strike
0-2: Ball
1-2: Foul Ball, location: 2F
1-2: Ball
2-2: Ball
3-2: Foul Ball, location: 3F
3-2: Foul Ball, location: 7LSF
3-2: Strikes out swinging
Batting: LHB Danny Grimes 0-0: Swinging Strike
0-1: Called Strike
0-2: Ball
1-2: Ball
2-2: Strikes out swinging
Top of the 1st over - 1 run, 1 hit, 0 errors, 0 left on base; Scranton WB 1 - Charlotte 0
BOTTOM OF THE 1ST
Charlotte Knights batting - Pitching for Scranton WB RailRiders : RHP Elijah Wood
Pitching: RHP Elijah Wood
Batting: LHB Kevin Howard 0-0: Foul Ball, location: 2F
0-1: Foul Ball, location: 3F
0-2: Strikes out swinging
Batting: RHB Danny Avalos 0-0: Ball
1-0: Called Strike
1-1: Ground out 4-3 (Groundball, 4, EV 96.9 MPH)
Batting: LHB Marcos Elizondo 0-0: Ball
1-0: Foul Ball, location: 23FF
1-1: Foul Ball, location: 9LMF
1-2: Ball
2-2: Ball
3-2: Strikes out swinging
Bottom of the 1st over - 0 runs, 0 hits, 0 errors, 0 left on base; Scranton WB 1 - Charlotte 0
TOP OF THE 2ND
Scranton WB RailRiders batting - Pitching for Charlotte Knights : RHP Danny Guada
Batting: RHB David Shamp 0-0: Ground out 3-1 (Groundball, 34, EV 106.3 MPH)
Batting: LHB Jesus Canales 0-0: Called Strike
0-1: Foul Ball, location: 25FF
0-2: Ball
1-2: Ball
2-2: Ball
3-2: Foul Ball, location: 2F
3-2: Foul Ball, location: 23F
3-2: Base on Balls
Batting: SHB Ethan Gavin 0-0: Ground out 3-1 (Groundball, 3D, EV 106.3 MPH)
Jesus Canales to second
Batting: RHB Jeremy Boland 0-0: Fly out, F8 (Flyball, 8RXD, EV 101.9 MPH)
Top of the 2nd over - 0 runs, 0 hits, 0 errors, 1 left on base; Scranton WB 1 - Charlotte 0
BOTTOM OF THE 2ND
Charlotte Knights batting - Pitching for Scranton WB RailRiders : RHP Elijah Wood
Batting: RHB John Kofoid 0-0: Foul Ball, location: 3F
0-1: Ball
1-1: Foul Ball, location: 9LSF
1-2: Ball
2-2: Foul Ball, location: 2F
2-2: Ball
3-2: Ground out 5-3 (Groundball, 5D, EV 98.8 MPH)
Batting: RHB Travis De Angelis 0-0: Ball
1-0: Foul Ball, location: 25F
1-1: Ball
2-1: Fly out, F9 (Flyball, 9D, EV 90.0 MPH)
Batting: LHB D.J. Horrigan 0-0: Ball
1-0: Foul Ball, location: 2F
1-1: Ball
2-1: Ground out 1-3 (Groundball, 13S, EV 65.0 MPH)
Bottom of the 2nd over - 0 runs, 0 hits, 0 errors, 0 left on base; Scranton WB 1 - Charlotte 0
TOP OF THE 3RD
Scranton WB RailRiders batting - Pitching for Charlotte Knights : RHP Danny Guada
Batting: LHB David Adler 0-0: Foul Ball, location: 2LF
0-1: Fly out, F9 (Flyball, 89M, EV 92.5 MPH)
Batting: RHB Jared Brown 0-0: Called Strike
0-1: Foul Ball, location: 3FF
0-2: Strikes out looking
Batting: RHB Matt Null 0-0: Ball
1-0: Called Strike
1-1: Called Strike
1-2: Ball
2-2: DOUBLE (Line Drive, 7LM, EV 105.6 MPH)
Batting: LHB John Merryman 0-0: Swinging Strike
0-1: Ball
1-1: Called Strike
1-2: Ball
2-2: Ball
3-2: Strikes out swinging
Top of the 3rd over - 0 runs, 1 hit, 0 errors, 1 left on base; Scranton WB 1 - Charlotte 0
BOTTOM OF THE 3RD
Charlotte Knights batting - Pitching for Scranton WB RailRiders : RHP Elijah Wood
Batting: RHB Alberto Hernandez 0-0: Foul Ball, location: 7LSF
0-1: Ball
1-1: Swinging Strike
1-2: Strikes out swinging
Batting: RHB Vinny Figueroa 0-0: Ball
1-0: Foul Ball, location: 2RF
1-1: Called Strike
1-2: Strikes out swinging
Batting: RHB Mark Clardy 0-0: Ball
1-0: Ground out 6-3 (Groundball, P, EV 76.9 MPH)
Bottom of the 3rd over - 0 runs, 0 hits, 0 errors, 0 left on base; Scranton WB 1 - Charlotte 0
TOP OF THE 4TH
Scranton WB RailRiders batting - Pitching for Charlotte Knights : RHP Danny Guada
Batting: LHB Danny Grimes 0-0: Fly out, F6 (Popup, 6S, EV 82.5 MPH)
Batting: RHB David Shamp 0-0: Ball
1-0: Called Strike
1-1: Ball
2-1: Swinging Strike
2-2: Ball
3-2: Strikes out swinging
Batting: LHB Jesus Canales 0-0: Ball
1-0: Ball
2-0: Called Strike
2-1: Ball
3-1: Base on Balls
Batting: SHB Ethan Gavin 0-0: Ball
1-0: Called Strike
1-1: Ball
2-1: Swinging Strike
2-2: Fielders Choice at 2nd, 6-4 (Groundball, 6, EV 86.9 MPH)
Top of the 4th over - 0 runs, 0 hits, 0 errors, 1 left on base; Scranton WB 1 - Charlotte 0
BOTTOM OF THE 4TH
Charlotte Knights batting - Pitching for Scranton WB RailRiders : RHP Elijah Wood
Batting: LHB Kevin Howard 0-0: Bunted foul
0-1: Ball
1-1: Ball
2-1: Foul Ball, location: 2F
2-2: SINGLE (Groundball, 34D, EV 101.9 MPH)
Batting: RHB Danny Avalos Pickoff Play to 1st, Runner tries for 2nd, OUT after rundown.
0-0: Called Strike
0-1: SINGLE (Groundball, 56D, EV 110.6 MPH)
Batting: LHB Marcos Elizondo 0-0: Ball
Danny Avalos steals 2nd base
1-0: Ball
2-0: Swinging Strike
2-1: Ground out 1-3 (Groundball, 34S, EV 73.1 MPH)
Batting: RHB John Kofoid 0-0: Foul Ball, location: 2LF
0-1: Swinging Strike
0-2: Ball
1-2: Foul Ball, location: 23F
1-2: Ball
2-2: Foul Ball, location: 2F
2-2: Strikes out swinging
Bottom of the 4th over - 0 runs, 2 hits, 0 errors, 1 left on base; Scranton WB 1 - Charlotte 0
TOP OF THE 5TH
Scranton WB RailRiders batting - Pitching for Charlotte Knights : RHP Danny Guada
Batting: RHB Jeremy Boland 0-0: Ball
1-0: Called Strike
1-1: Foul Ball, location: 9LDF
1-2: Foul Ball, location: 2F
1-2: Foul Ball, location: 9LSF
1-2: Strikes out swinging
Batting: LHB David Adler 0-0: Ball
1-0: Foul Ball, location: 7LMF
1-1: Called Strike
1-2: Strikes out looking
Pitching: RHP Kirk Daly
Batting: RHB Jared Brown 0-0: Called Strike
0-1: Ball
1-1: Foul Ball, location: 25F
1-2: Ball
2-2: Strikes out swinging
Top of the 5th over - 0 runs, 0 hits, 0 errors, 0 left on base; Scranton WB 1 - Charlotte 0
BOTTOM OF THE 5TH
Charlotte Knights batting - Pitching for Scranton WB RailRiders : RHP Elijah Wood
Batting: RHB Travis De Angelis 0-0: Called Strike
0-1: Foul Ball, location: 5DF
0-2: Ball
1-2: Ball
2-2: Ball
3-2: Foul Ball, location: 2F
3-2: Strikes out swinging
Batting: LHB D.J. Horrigan 0-0: Ball
1-0: Ground out 6-3 (Groundball, 6S, EV 88.1 MPH)
Batting: RHB Alberto Hernandez 0-0: Ground out 5-3 (Groundball, 56S, EV 80.0 MPH)
Bottom of the 5th over - 0 runs, 0 hits, 0 errors, 0 left on base; Scranton WB 1 - Charlotte 0
TOP OF THE 6TH
Scranton WB RailRiders batting - Pitching for Charlotte Knights : RHP Kirk Daly
Batting: RHB Matt Null 0-0: Ball
1-0: Ball
2-0: Ground out 4-3 (Groundball, 34D, EV 94.4 MPH)
Batting: LHB John Merryman 0-0: Ground out 6-3 (Groundball, 6M, EV 83.8 MPH)
Batting: LHB Danny Grimes 0-0: Called Strike
0-1: Ground out 4-3 (Groundball, 4M, EV 96.9 MPH)
Top of the 6th over - 0 runs, 0 hits, 0 errors, 0 left on base; Scranton WB 1 - Charlotte 0
BOTTOM OF THE 6TH
Charlotte Knights batting - Pitching for Scranton WB RailRiders : RHP Elijah Wood
Batting: RHB Vinny Figueroa 0-0: Called Strike
0-1: Ball
1-1: SINGLE (Line Drive, 56, EV 98.8 MPH)
Batting: RHB Mark Clardy 0-0: Called Strike
0-1: Ball
1-1: Bunted foul
1-2: Strikes out swinging
Batting: LHB Kevin Howard 0-0: Ball
1-0: Called Strike
1-1: Swinging Strike
1-2: Ball
2-2: Fielders Choice at 2nd, 4-6 (Groundball, 4, EV 104.4 MPH)
Batting: RHB Danny Avalos 0-0: Called Strike
0-1: Foul Ball, location: 25F
0-2: Ground out 5-3 (Groundball, 56S, EV 88.1 MPH)
Bottom of the 6th over - 0 runs, 1 hit, 0 errors, 1 left on base; Scranton WB 1 - Charlotte 0
TOP OF THE 7TH
Scranton WB RailRiders batting - Pitching for Charlotte Knights : RHP Kirk Daly
Pitching: RHP Steve Black
Batting: RHB David Shamp 0-0: Called Strike
0-1: Ball
1-1: Foul Ball, location: 2F
1-2: Fly out, F8 (Flyball, 8RXD, EV 99.4 MPH)
Batting: LHB Jesus Canales 0-0: Ball
1-0: Called Strike
1-1: Foul Ball, location: 5DF
1-2: Strikes out swinging
Batting: SHB Ethan Gavin 0-0: Ball
1-0: Called Strike
1-1: Ball
2-1: Foul Ball, location: 3SF
2-2: Ball
3-2: Foul Ball, location: 2F
3-2: Foul Ball, location: 7LDF
3-2: Foul Ball, location: 2F
3-2: Strikes out swinging
Top of the 7th over - 0 runs, 0 hits, 0 errors, 0 left on base; Scranton WB 1 - Charlotte 0
BOTTOM OF THE 7TH
Charlotte Knights batting - Pitching for Scranton WB RailRiders : RHP Elijah Wood
Batting: LHB Marcos Elizondo 0-0: Foul Ball, location: 2F
0-1: Called Strike
0-2: Strikes out swinging
Batting: RHB John Kofoid 0-0: Ball
1-0: Ball
2-0: Ball
3-0: Base on Balls
Pinch Hitting: LHB Elias Mato 0-0: Called Strike
0-1: Ball
1-1: Ball
2-1: Foul Ball, location: 3DF
2-2: Ball
3-2: SINGLE (Groundball, 6MD, EV 96.9 MPH)
John Kofoid to second
Batting: LHB D.J. Horrigan 0-0: Ball
1-0: Foul Ball, location: 2F
1-1: Ball
2-1: SINGLE (Groundball, 6S, EV 71.9 MPH) (infield hit)
John Kofoid to third
Elias Mato to second
Pinch Hitting: SHB Ben Reiners 0-0: SINGLE (Groundball, 34D, EV 96.3 MPH)
John Kofoid scores
Elias Mato to third
D.J. Horrigan to second
Runner from 3rd tries for Home, SAFE, throw by RF to home
Batting: RHB Vinny Figueroa 0-0: Swinging Strike
0-1: Foul Ball, location: 25F
0-2: Ball
1-2: Strikes out looking
Batting: RHB Mark Clardy 0-0: Called Strike
0-1: Swinging Strike
0-2: Ball
1-2: Strikes out swinging
Bottom of the 7th over - 2 runs, 3 hits, 0 errors, 2 left on base; Scranton WB 1 - Charlotte 2
TOP OF THE 8TH
Scranton WB RailRiders batting - Pitching for Charlotte Knights : RHP Steve Black
Now at 2B: Ben Reiners
Now in LF: Bill Lanier
Batting: RHB Jeremy Boland 0-0: Ball
1-0: Called Strike
1-1: Ball
2-1: Ball
3-1: Called Strike
3-2: Strikes out swinging
Batting: LHB David Adler 0-0: Ball
1-0: Foul Ball, location: 7LDF
1-1: Called Strike
1-2: Fly out, F7 (Flyball, 7D, EV 91.3 MPH)
Pinch Hitting: LHB Joe Liner 0-0: Ball
1-0: Ball
2-0: Called Strike
2-1: Foul Ball, location: 25F
2-2: Foul Ball, location: 9LSF
2-2: Foul Ball, location: 7LDF
2-2: Foul Ball, location: 25FF
2-2: Ball
3-2: Foul Ball, location: 23F
3-2: Base on Balls
Batting: RHB Matt Null 0-0: Foul Ball, location: 3SF
0-1: Swinging Strike
0-2: Ball
1-2: Ball
2-2: Foul Ball, location: 7LSF
2-2: Foul Ball, location: 7LDF
2-2: Ball
3-2: Foul Ball, location: 7LMF
3-2: Base on Balls
Joe Liner to second
Pitching: RHP Guillermo Barrera
Batting: LHB John Merryman 0-0: Ball
1-0: Called Strike
1-1: Swinging Strike
1-2: Foul Ball, location: 2F
1-2: Strikes out swinging
Top of the 8th over - 0 runs, 0 hits, 0 errors, 2 left on base; Scranton WB 1 - Charlotte 2
BOTTOM OF THE 8TH
Charlotte Knights batting - Pitching for Scranton WB RailRiders : RHP Elijah Wood
Now at 3B: William Gonzalez
Batting: LHB Kevin Howard 0-0: Fly out, F9 (Line Drive, 9S, EV 98.1 MPH)
Batting: RHB Danny Avalos 0-0: Ball
1-0: Ground out 1-3 (Groundball, 13, EV 73.8 MPH)
Batting: LHB Marcos Elizondo 0-0: Ball
1-0: Ground out 4-3 (Groundball, 4MD, EV 81.9 MPH)
Bottom of the 8th over - 0 runs, 0 hits, 0 errors, 0 left on base; Scranton WB 1 - Charlotte 2
TOP OF THE 9TH
Scranton WB RailRiders batting - Pitching for Charlotte Knights : RHP Guillermo Barrera
Now in RF: Frank Mumm
Batting: LHB Danny Grimes 0-0: Called Strike
0-1: Ball
1-1: Ball
2-1: Ball
3-1: Base on Balls
Batting: RHB David Shamp 0-0: Called Strike
0-1: SINGLE (Line Drive, 89S, EV 110.6 MPH)
Danny Grimes to second
Runner from 2nd tries for 3rd, SAFE, throw by RF made to third
Batting: LHB Jesus Canales 0-0: Ball
1-0: Fly out, F9 (Line Drive, 89M, EV 103.8 MPH)
Runner from 3rd tags up, OUT at HOME! 9-2
David Shamp to second
Batting: SHB Ethan Gavin 0-0: Ball
1-0: Ball
2-0: Ball
3-0: Base on Balls
Pinch Runner at 2nd Ryan Ginsburg:
Batting: RHB Jeremy Boland 0-0: Foul Ball, location: 5SF
0-1: Ball
1-1: Called Strike
1-2: Strikes out looking
Top of the 9th over - 0 runs, 1 hit, 0 errors, 2 left on base; Scranton WB 1 - Charlotte 2
Sunday, May 5th , 2024 - OOTP Baseball 24.11 Build 85